 Dungeon Crawl Stone Soup version 0.16.2-12-gd0ad4c3 (webtiles) character file.

7596 hannobal the Cleaver (level 11, -5/78 HPs)
             Began as a Formicid Fighter on Oct 7, 2015.
             Was a Believer of Ru.
             Killed from afar by Nergalle (13 damage)
             ... with a bolt of negative energy
             ... on level 11 of the Dungeon.
             The game lasted 01:03:33 (15322 turns).

hannobal the Cleaver (Formicid Fighter)            Turns: 15322, Time: 01:03:33

Health: -5/78      AC:  9    Str: 24    XL:     11   Next: 40%
Magic:  0/15       EV: 10    Int:  8    God:    Ru [**....]
Gold:   653        SH:  4    Dex: 10    Spells: 0 memorised, 10 levels left

rFire  + . .     SeeInvis +     a - +0 battleaxe
rCold  . . .     Clarity  .     V - +0 chain mail {rF+}
rNeg   . . .     SustAb   .     C - +0 buckler
rPois  .         Gourm    .     (helmet unavailable)
rElec  .         Spirit   +     (no cloak)
rCorr  .         Warding  .     (no gloves)
rMut   .         Stasis   +     U - +0 pair of boots
MR     ++...                    S - amulet of guardian spirit
Stlth  ..........               m - ring of protection from magic
                                R - +2 ring of evasion

@: heavily drained, very resistant to hostile enchantments, extremely unstealthy
A: permanent stasis, dig shafts and tunnels, four strong arms, antennae 3, low
mp 1, no stealth, unskilled 1
a: Dig, Shaft Self, Renounce Religion


You were on level 11 of the Dungeon.
You worshipped Ru.
Ru was pleased with you.
You were not hungry.

You visited 3 branches of the dungeon, and saw 13 of its levels.

You collected 653 gold pieces.

Inventory:

Hand weapons
 a - a +0 battleaxe (weapon)
 b - a +0 greatsling
 l - a +1 war axe
 K - a +0 blowgun
 O - a +0 trident
 T - a +0 shortbow of evasion
 Z - a +2 mace of holy wrath
Missiles
 f - 17 sling bullets of flame
 h - 123 sling bullets
 o - 27 tomahawks
 u - 72 poisoned needles
 B - 10 bolts of frost
 E - a curare-tipped needle
 F - 3 tomahawks of returning
 Q - 2 javelins of returning (quivered)
Armour
 c - a +0 shield
 p - a troll hide
 s - the +2 scale mail of Tramaud {SInv}
   (You found it on level 10 of the Dungeon)

   It enhances your eyesight.
 C - a +0 buckler (worn)
 P - a +0 robe of positive energy
 U - a +0 pair of boots (worn)
 V - a +0 chain mail of fire resistance (worn)
Magical staves
 y - an uncursed staff of poison
Jewellery
 k - an uncursed ring of protection from cold
 m - a ring of protection from magic (right hand)
 n - an uncursed ring of poison resistance
 x - an uncursed ring of ice
 D - an uncursed amulet of resist corrosion
 L - an uncursed ring of protection from cold
 M - an uncursed ring of magical power
 R - a +2 ring of evasion (left hand)
 S - an amulet of guardian spirit (around neck)
Magical devices
 r - a wand of disintegration (14)
 A - a wand of digging (0)
Scrolls
 g - a scroll of recharging
 v - 5 scrolls of remove curse
 w - a scroll of enchant weapon
 I - 2 scrolls of amnesia
 W - a scroll of identify
 Y - 3 scrolls of fog
Potions
 e - a potion of might
 i - 5 potions of curing
 j - 2 potions of resistance
 G - a potion of magic
 H - 2 potions of restore abilities
 N - 2 potions of cancellation
Books
 t - a Young Poisoner's Handbook

   Spells                             Type                      Level
   a - Sting                          Conjuration/Poison           1
   b - Cure Poison                    Poison                       2
   c - Mephitic Cloud                 Conjuration/Poison/Air       3
   d - Olgreb's Toxic Radiance        Poison                       4
   e - Venom Bolt                     Conjuration/Poison           5
 X - the Tome of Ensnaring Cold
   (You found it on level 9 of the Dungeon)

   Spells                             Type                      Level
   a - Ensorcelled Hibernation        Hexes/Ice                    2
   b - Condensation Shield            Ice                          4
   c - Metabolic Englaciation         Hexes/Ice                    5
   d - Simulacrum                     Ice/Necromancy               6
Miscellaneous
 z - a fan of gales (inert)
Comestibles
 d - 8 bread rations {@e1}
 q - 5 meat rations {@e2}
 J - 2 chunks of flesh {@w0}


   Skills:
 + Level 4.4(2.2) Fighting
 - Level 14.0(11.1) Axes
 - Level 3.0(0.8) Armour
 - Level 2.2(0.1) Dodging
 - Level 5.2(3.0) Shields
 - Level 1.2(0.0) Evocations


You had 10 spell levels left.
You didn't know any spells.

Dungeon Overview and Level Annotations

Branches:
Dungeon (11/15)            Temple (1/1) D:6             Orc (1/4) D:9
   Lair: D:8-11

Altars:
Ashenzari
Gozag
Kikubaaqudgha
Makhleb
Nemelex Xobeh
Qazlal
Ru
Trog
Vehumet
Xom
Beogh

Shops:
D:6 *

Annotations:
D:6 exclusion: downstairs
D:11 Nergalle
Orc:1 Gastronok!, Gastronok


Innate Abilities, Weirdness & Mutations

You are under a permanent stasis effect.
You can dig through walls and to a lower floor.
Your four strong arms can wield two-handed weapons with a shield.
You have a pair of large antennae on your head (SInv).
Your magical capacity is low (-10% MP).
You cannot be stealthy.
You are somewhat unskilled (-1 Apt).


Message History

Your air elemental misses Nergalle.
Your air elemental merges itself into the air.
Your air elemental forms itself from the air!
Your air elemental hits Nergalle but does no damage.
Use which ability? (? or * to list)
You extend your mandibles.
You dig through the rock wall.
Your air elemental hits Nergalle.
Your air elemental merges itself into the air.
Your air elemental forms itself from the air!
Your air elemental hits Nergalle.
You dig through the rock wall.
Your air elemental hits Nergalle.
Your air elemental hits Nergalle but does no damage.
Your air elemental moves out of view.
You dig through the rock wall.
You dig through the rock wall.
You dig through the rock wall.
Nergalle gestures at you while chanting.
The bolt of negative energy hits you!
You feel drained.
You die...

##.#.....# #.##.....#
#######.##.##### ######
#..............# #....#
#..............# #....#
#..............#####....###
#....#.###.......[.........
#....##.############....##.
#....###.#@# #######.
#....# ##o## #. #....# ###
#. #....# #. #....# #.
###### #. #. #. #.


You could see Nergalle.

Vanquished Creatures
  Pikel (D:4)
  A hill giant (D:10)
  A troll (D:10)
  Grinder (D:6)
  Prince Ribbit (D:8)
  A deep elf mage (D:9)
  A wyvern (D:10)
  Eustachio (D:6)
  Grum (D:8)
  A steam dragon (D:8)
  3 wolves (D:8)
  2 slaves
  A black bear (D:9)
  4 orc warriors
  2 ice beasts
  3 sky beasts
  A phantom (D:9)
  5 ogres
  6 centaurs
  A crocodile (D:9)
  Sigmund (D:6)
  A big kobold (D:10)
  5 giant frogs
  A wyvern zombie (D:6)
  Blork the orc (D:4)
  3 scorpions
  6 killer bees
  6 wights
  4 giant frog zombies
  3 crimson imps
  3 goliath beetles
  2 quasits
  6 orc priests
  6 orc wizards
  5 hounds
  2 centaur skeletons
  A giant frog skeleton (D:6)
  2 jellies
  A centaur zombie (D:10)
  An iguana (D:9)
  8 worker ants
  A hound skeleton (D:5)
  A worker ant zombie (D:7)
  9 adders
  A giant mite (D:1)
  A shadow imp (D:10)
  An ooze (D:7)
  56 orcs
  3 ball pythons
  17 bats
  A bat zombie (D:6)
  5 giant cockroaches
  21 hobgoblins
  18 jackals
  19 kobolds
  5 quokkas
  7 giant geckos
  2 giant gecko skeletons (D:5)
  7 giant newts
  14 goblins
  3 quokka skeletons
  18 rats
316 creatures vanquished.

Vanquished Creatures (collateral kills)
  A centaur skeleton (D:11)
1 creature vanquished.

Vanquished Creatures (others)
  A hippogriff (D:8)
  A crimson imp (D:5)
  A giant frog skeleton (D:4)
  2 orc priests (D:5)
  An orc (D:5)
  A giant gecko skeleton (D:4)
  A rat (D:6)
8 creatures vanquished.

Grand Total: 325 creatures vanquished

Notes
Turn   | Place    | Note
--------------------------------------------------------------
     0 | D:1      | hannobal, the Formicid Fighter, began the quest for the Orb.
     0 | D:1      | Reached XP level 1. HP: 18/18 MP: 1/1
   199 | D:1      | Reached XP level 2. HP: 18/24 MP: 3/3
   461 | D:1      | Reached XP level 3. HP: 29/29 MP: 4/4
  1307 | D:2      | Reached XP level 4. HP: 35/35 MP: 5/5
  1374 | D:2      | Reached skill level 4 in Axes
  2050 | D:3      | Found a burning altar of Makhleb.
  2050 | D:3      | Noticed a blizzard demon
  3087 | D:4      | Noticed a slave
  3088 | D:4      | Noticed Pikel
  3089 | D:4      | Noticed a slave
  3270 | D:4      | Killed a slave
  3566 | D:4      | Reached skill level 5 in Axes
  3566 | D:4      | Reached XP level 5. HP: 29/41 MP: 7/7
  3898 | D:4      | Noticed a slave
  3899 | D:4      | Noticed Blork the orc
  4078 | D:3      | Killed a slave
  4367 | D:4      | Reached XP level 6. HP: 41/47 MP: 8/8
  4543 | D:4      | Noticed a slave
  4729 | D:4      | Killed Pikel
  4729 | D:4      | Reached skill level 8 in Axes
  4729 | D:4      | Reached XP level 7. HP: 38/52 MP: 9/9
  4929 | D:4      | Found a sacrificial altar of Ru.
  4943 | D:4      | Killed Blork the orc
  4943 | D:4      | Reached XP level 8. HP: 58/58 MP: 11/11
  4955 | D:4      | Became a worshipper of Ru the Awakened
  5340 | D:5      | Entered Level 5 of the Dungeon
  5743 | D:5      | Reached skill level 5 in Shields
  6041 | D:5      | Reached skill level 9 in Axes
  6612 | D:6      | Reached skill level 10 in Axes
  6792 | D:6      | Reached skill level 1 in Dodging
  6792 | D:6      | Reached XP level 9. HP: 51/64 MP: 12/12
  7002 | D:6      | Gained mutation: You are somewhat unskilled (-1 Apt). [Ru sacrifice]
  7002 | D:6      | Reduced skill Axes to level 9
  7002 | D:6      | Acquired Ru's first power
  7169 | D:6      | Noticed Eustachio
  7211 | D:6      | Killed Eustachio
  7338 | D:6      | Found Gozag's Platinum Reserve.
  7342 | D:6      | Reached skill level 10 in Axes
  7346 | D:6      | Found an opulent altar of Gozag.
  7487 | D:6      | Noticed Grinder
  7514 | D:6      | Killed Grinder
  7681 | D:6      | Noticed Sigmund
  7690 | D:6      | Killed Sigmund
  7690 | D:6      | Reached skill level 5 in Shields
  7826 | D:6      | Found a staircase to the Ecumenical Temple.
  7952 | Temple   | Entered the Ecumenical Temple
  8588 | D:7      | Reached XP level 10. HP: 60/71 MP: 13/13
  8924 | D:7      | Reached skill level 11 in Axes
  9046 | D:7      | Gained mutation: Your magical capacity is low (-10% MP). [Ru sacrifice]
  9046 | D:7      | Acquired Ru's second power
  9339 | D:7      | Found an ancient bone altar of Kikubaaqudgha.
  9518 | D:8      | Found a burning altar of Makhleb.
  9520 | D:8      | Found a sparkling altar of Nemelex Xobeh.
  9742 | D:8      | Noticed Grum
  9766 | D:8      | Killed Grum
  9776 | D:8      | HP: 1/71 [wolf[Grum] (10)]
 10138 | D:8      | Reached skill level 12 in Axes
 10189 | D:8      | Found a shimmering altar of Xom.
 10685 | D:8      | Found a stormy altar of Qazlal.
 11198 | D:9      | Noticed Prince Ribbit
 11321 | D:8      | Killed Prince Ribbit
 11655 | D:9      | Found a roughly hewn altar of Beogh.
 11790 | D:8      | Reached skill level 1 in Evocations
 12164 | D:9      | Found a staircase to the Orcish Mines.
 12174 | D:9      | Reached XP level 11. HP: 49/77 MP: 9/15
 12337 | D:9      | Reached skill level 13 in Axes
 12822 | D:9      | Gained mutation: You cannot be stealthy. [Ru sacrifice]
 13033 | D:9      | Identified the Tome of Ensnaring Cold
 13324 | D:9      | Found a shattered altar of Ashenzari.
 13444 | Orc:1    | Entered Level 1 of the Orcish Mines
 13444 | Orc:1    | Noticed Gastronok
 13463 | D:10     | Entered Level 10 of the Dungeon
 14022 | D:10     | Got a transparent scale mail
 14038 | D:10     | Identified the +2 scale mail of Tramaud {SInv} (You found it on level 10 of the Dungeon)
 14136 | D:10     | Noticed a hill giant
 14162 | D:10     | Killed a hill giant
 15228 | D:11     | Reached skill level 14 in Axes
 15297 | D:11     | Noticed Nergalle
 15322 | D:11     | Killed from afar by Nergalle

Action                   |  1- 3 |  4- 6 |  7- 9 | 10-12 || total
-------------------------+-------+-------+-------+-------++-------
Melee: War axe           |    97 |   137 |   305 |   565 ||  1104
       Battleaxe         |       |    50 |    83 |     5 ||   138
       Spear             |       |       |       |    23 ||    23
 Fire: Blowgun           |       |     5 |     7 |       ||    12
       Greatsling        |       |       |       |     2 ||     2
Throw: Tomahawk          |       |     1 |     4 |     7 ||    12
       Stone             |       |     1 |       |       ||     1
       Javelin           |       |     3 |     8 |    10 ||    21
Invok: Sacrifice Skill   |       |       |     1 |       ||     1
       Sacrifice Essence |       |       |       |     1 ||     1
       Sacrifice Stealth |       |       |       |     1 ||     1
 Abil: Dig               |     2 |     3 |    10 |    10 ||    25
Evoke: Wand              |       |       |       |     5 ||     5
       Fan of gales      |       |       |       |     1 ||     1
  Use: Scroll            |     5 |     2 |     5 |     6 ||    18
       Potion            |     4 |     2 |     3 |     1 ||    10
 Stab: Invisible         |       |       |     1 |     3 ||     4
       Paralysed         |       |       |     1 |       ||     1
       Distracted        |       |       |       |     1 ||     1
  Eat: Chunk             |     2 |     9 |    14 |    20 ||    45
       Beef jerky        |       |     1 |       |     2 ||     3
